 Dungeon Crawl Stone Soup version 0.30-a0-1085-g990a428a5c (webtiles) character file.

Game seed: 15756864707674082757

3139 pokeman the Thaumaturge (level 9, -4/48 HPs)
             Began as a Deep Elf Hedge Wizard on Apr 16, 2023.
             Was an Initiate of Vehumet.
             Slain by a centaur warrior
             ... wielding a +2 rapier of venom
              (10 damage)
             ... on level 8 of the Dungeon.
             The game lasted 00:19:15 (9637 turns).

pokeman the Thaumaturge (Deep Elf Hedge Wizard)     Turns: 9637, Time: 00:19:18

Health: -4/48      AC:  7    Str: 13    XL:     9   Next: 61%
Magic:  19/26      EV: 12    Int: 24    God:    Vehumet [......]
Gold:   216        SH:  0    Dex: 14    Spells: 12/31 levels left

rFire   . . .      SeeInvis .    a - +0 battleaxe (venom)
rCold   . . .      Faith    .    (shield currently unavailable)
rNeg    . . .      Spirit   .    K - +1 leather armour {rPois}
rPois   +          Reflect  .    C - +1 hat
rElec   .          Rampage  .    (no cloak)
rCorr   .                        e - +0 pair of gloves
Will    +....                    L - +0 pair of boots
Stlth   ++                       (no amulet)
HPRegen 0.28/turn                n - ring of willpower
MPRegen 0.20/turn                x - +6 ring of strength

@: lethally poisoned (-4 -> -16)
A: no striking features
a: Renounce Religion


You were on level 8 of the Dungeon.
You worshipped Vehumet.
Vehumet was noncommittal.
You visited 1 branch of the dungeon, and saw 8 of its levels.

You collected 320 gold pieces.
You spent 104 gold pieces at shops.

Inventory:

Hand Weapons
 a - a +0 battleaxe of venom (weapon)
Armour
 e - a +0 pair of gloves (worn)
 C - a +1 hat (worn)
 D - a +0 kite shield
 K - a +1 leather armour of poison resistance (worn)
 L - a +0 pair of boots (worn)
Magical Staves
 m - a staff of poison
Jewellery
 b - a ring of positive energy
 n - a ring of willpower (left hand)
 o - a +6 ring of dexterity
 x - a +6 ring of strength (right hand)
Wands
 c - a wand of digging (2)
 I - a wand of mindburst (11)
 N - a wand of polymorph (11)
Scrolls
 f - 3 scrolls of poison {unknown}
 h - 9 scrolls of teleportation
 k - 6 scrolls of identify {unknown}
 q - 4 scrolls of brand weapon {unknown}
 u - 3 scrolls of noise {unknown}
 w - 2 scrolls of amnesia {unknown}
 y - 5 scrolls of magic mapping {unknown}
 z - a scroll of butterflies {unknown}
 A - a scroll of enchant armour {unknown}
 E - a scroll of fear {unknown}
 F - a scroll of vulnerability {unknown}
 H - a scroll of blinking {unknown}
 J - 2 scrolls of silence {unknown}
 M - 2 scrolls of fog {unknown}
Potions
 d - a potion of magic
 g - 5 potions of heal wounds
 i - 3 potions of cancellation {unknown}
 j - 3 potions of invisibility {unknown}
 l - 2 potions of might
 p - 6 potions of haste {unknown}
 r - 3 potions of brilliance {unknown}
 s - 2 potions of resistance {unknown}
 t - 2 potions of flight {unknown}
 v - a potion of lignification {unknown}
 B - a potion of curing {unknown}
 G - a potion of ambrosia {unknown}


   Skills:
 - Level 2.0 Fighting
 + Level 2.4 Armour
 - Level 3.0 Dodging
 - Level 3.0 Stealth
 - Level 3.0 Shields
 * Level 11.8 Spellcasting
 + Level 6.6 Conjurations
 + Level 5.8 Summonings
 - Level 1.1 Translocations
 - Level 1.0 Ice Magic
 - Level 1.2 Air Magic
 - Level 1.0 Poison Magic
 - Level 1.0 Evocations


You had 12 spell levels left.
You knew the following spells:

 Your Spells              Type           Power      Damage    Failure   Level
a - Magic Dart            Conj           100%       1d8       1%          1
b - Mephitic Cloud        Conj/Pois/Air  28%        N/A       4%          3
c - Call Imp              Summ           84%        N/A       1%          2
d - Blink                 Tloc           38%        N/A       5%          2
e - Freezing Cloud        Conj/Ice/Air   14%        6-21      43%         5
f - Plasma Beam           Fire/Air       8%         2x1d21    100%        6

Your spell library contained the following spells:

 Spells                   Type           Power      Damage    Failure   Level
 Slow                     Hex            56%        N/A       5%          1
 Cigotuvi's Dreadful Rot  Necr/Pois/Air  34%        N/A       6%          2
 Vhi's Electric Charge    Tloc/Air       38%        N/A       11%         3
 Ignite Poison            Fire/Tmut/Pois 15%        N/A       14%         3
 Arcjolt                  Conj/Air       16%        1d26      30%         5
 Summon Forest            Summ/Tloc      15%        N/A       36%         5
 Anguish                  Hex/Necr       7%         N/A       50%         4
 Cause Fear               Hex            7%         N/A       50%         4
 Summon Hydra             Summ           21%        N/A       99%         7
 Eringya's Noxious Bog    Tmut/Pois      8%         N/A       100%        6
 Enfeeble                 Hex            7%         N/A       100%        7


Dungeon Overview and Level Annotations

Branches:
Dungeon (8/15)             Temple (0/1) D:7
   Lair: D:8-11

Altars:
Elyvilon
Ru
Uskayaw
Vehumet
Wu Jian
The Shining One

Shops:
D:2 (   D:5 *

Annotations:
D:8 2 transporters, BlueFish's ghost, novice OpWr; Gastronok


Message History

The yak is engulfed in noxious fumes.
The yak appears confused.
The yak barely misses you.
Unknown command.
Unknown command.
Unknown command.
You slash the yak!
The yak looks as sick as possible!
The yak is moderately wounded.
You slash the yak!
The yak looks as sick as possible!
The centaur warrior is engulfed in noxious fumes.
The centaur warrior hits the yak with a +2 rapier of venom!
The centaur warrior kicks the yak but does no damage.
The centaur warrior is engulfed in noxious fumes.
The centaur warrior appears confused.
The yak is engulfed in noxious fumes.
The yak appears confused.
The yak gores the yak.
The yak is killed!
Vehumet accepts your kill.
The centaur warrior is engulfed in noxious fumes.
The centaur warrior hits the yak with a +2 rapier of venom!!
The centaur warrior kicks the yak but does no damage.
The yak is engulfed in noxious fumes.
The yak appears confused.
The yak is engulfed in noxious fumes.
Unknown command.
You barely miss the yak.
The yak is heavily wounded.
The centaur warrior is engulfed in noxious fumes.
The centaur warrior gestures wildly.
The centaur warrior is engulfed in noxious fumes.
The centaur warrior appears confused.
The centaur warrior hits you with a +2 rapier of venom!
The centaur warrior kicks you.
The yak is engulfed in noxious fumes.
The yak appears confused.
The yak gores you but does no damage.
Unknown command.
You barely miss the centaur warrior. You barely miss the yak.
The centaur warrior hits you with a +2 rapier of venom.
You are poisoned.
The centaur warrior closely misses you. The yak gores you!
* * * LOW HITPOINT WARNING * * *
The yak barely misses the yak.
The centaur warrior hits you with a +2 rapier of venom!
You die...

# ..#.....## .#
#.....# ..# .
##...## ...# ..
..#########.#
..... ...
............#
##......
....#####.#.#####
z.HC...Y
..Y.###<.>#
#######.
#YcY#..## #@#..#
#....#
####.......
####.... ... ##


You could see a centaur warrior (confused) and 3 yaks.

Vanquished Creatures
  A centaur warrior (D:8)
  Grinder (D:5)
  A yak (D:8)
  An orc warrior (D:7)
  An ice beast (D:5)
  A sky beast (D:7)
  An ogre (D:5)
  2 phantoms
  A bullfrog (D:8)
  4 scorpions
  A gnoll sergeant (D:5)
  A wight (D:8)
  A killer bee (D:8)
  3 howler monkeys (D:8)
  2 jellies
  4 orc priests
  A sleepcap (D:4)
  2 hounds (D:5)
  3 iguanas
  5 orc wizards
  Robin (D:4)
  6 gnolls
  7 adders
  A shadow imp (D:6)
  3 white imps (D:6)
  An ufetubus (D:6)
  2 worms
  10 dart slugs (D:3)
  26 orcs
  9 ball pythons
  3 bats
  10 endoplasms
  A giant cockroach (D:2)
  10 hobgoblins
  9 jackals
  5 kobolds
  4 quokkas
  4 frilled lizards
  17 goblins
  5 rats
171 creatures vanquished.

Vanquished Creatures (collateral kills)
  A steam dragon (D:5)
  An ice beast (D:7)
  2 sleepcaps
  An iguana (D:6)
5 creatures vanquished.

Grand Total: 176 creatures vanquished

Notes
Turn   | Place    | Note
-------+----------+-------------------------------------------
     0 | D:1      | pokeman the Deep Elf Hedge Wizard began the quest for the
                  | Orb.
     0 | D:1      | Reached XP level 1. HP: 10/10 MP: 7/7
   355 | D:1      | Reached XP level 2. HP: 16/16 MP: 6/9
  1031 | D:2      | Reached skill level 5 in Spellcasting
  1136 | D:2      | Found Foost's Weapon Boutique.
  1204 | D:2      | Reached XP level 3. HP: 9/20 MP: 5/11
  1230 | D:2      | Learned a level 3 spell: Mephitic Cloud
  1233 | D:2      | Learned a level 2 spell: Call Imp
  1236 | D:2      | Learned a level 2 spell: Blink
  1637 | D:2      | Reached skill level 1 in Fighting
  1678 | D:2      | Reached skill level 1 in Armour
  1777 | D:2      | Reached XP level 4. HP: 22/25 MP: 7/13
  2447 | D:3      | Upgraded the game from 0.30-a0-1082-g70414cbcbb to
                  | 0.30-a0-1085-g990a428a5c
  2691 | D:3      | Reached skill level 6 in Spellcasting
  2691 | D:3      | Reached XP level 5. HP: 29/29 MP: 6/15
  3834 | D:4      | Reached skill level 1 in Poison Magic
  3834 | D:4      | Reached skill level 1 in Evocations
  3924 | D:4      | Reached skill level 1 in Air Magic
  3924 | D:4      | Reached XP level 6. HP: 34/34 MP: 7/17
  4529 | D:4      | Reached skill level 7 in Spellcasting
  4768 | D:4      | Noticed Robin
  4786 | D:4      | Killed Robin
  5107 | D:4      | Found an ornate altar of the Wu Jian Council.
  5153 | D:5      | Entered Level 5 of the Dungeon
  5225 | D:5      | Reached XP level 7. HP: 34/39 MP: 5/19
  5406 | D:5      | Reached skill level 8 in Spellcasting
  5615 | D:5      | Found a glowing golden altar of the Shining One.
  5691 | D:5      | Noticed Grinder
  5759 | D:5      | Killed Grinder
  5760 | D:5      | Reached XP level 8. HP: 32/44 MP: 4/22
  5880 | D:5      | Found a hide-covered altar of Uskayaw.
  5950 | D:5      | Reached skill level 9 in Spellcasting
  6047 | D:5      | Found Xiukhl Wole's General Store.
  6052 | D:5      | Bought a potion of heal wounds for 65 gold pieces
  6052 | D:5      | Bought a scroll of teleportation for 39 gold pieces
  6245 | D:5      | Reached skill level 1 in Shields
  6482 | D:6      | Reached skill level 5 in Conjurations
  7164 | D:6      | Found a sacrificial altar of Ru.
  7243 | D:6      | Reached skill level 10 in Spellcasting
  7789 | D:7      | Found a white marble altar of Elyvilon.
  7913 | D:7      | Found a radiant altar of Vehumet.
  7917 | D:7      | Became a worshipper of Vehumet
  8063 | D:7      | Learned a level 5 spell: Freezing Cloud
  8299 | D:7      | Reached XP level 9. HP: 48/48 MP: 22/25
  8607 | D:7      | Found a staircase to the Ecumenical Temple.
  8938 | D:8      | Reached skill level 5 in Summonings
  8941 | D:8      | Reached skill level 1 in Ice Magic
  8953 | D:8      | Noticed a centaur warrior
  9081 | D:8      | Killed a centaur warrior
  9082 | D:8      | Reached skill level 11 in Spellcasting
  9099 | D:8      | Noticed Prince Ribbit
  9228 | D:8      | Noticed Gastronok
  9352 | D:8      | Found a transporter.
  9353 | D:8      | Found a transporter.
  9353 | D:8      | Noticed BlueFish's ghost (novice OpWr)
  9356 | D:8      | Identified the +1 dire flail "Dekeycki" {freeze, rPois}
  9356 | D:8      | Identified the +3 dire flail of the Toadstool {protect, rC+
                  | Will+ rCorr}
  9356 | D:8      | Noticed a two-headed ogre
  9369 | D:8      | Noticed a cyclops
  9373 | D:8      | Noticed a manticore
  9613 | D:8      | Learned a level 6 spell: Plasma Beam
  9633 | D:8      | Noticed a centaur warrior
  9637 | D:8      | Slain by a centaur warrior

Illustrated notes

Levels and vault maps discovered:
D:1:      scummos_arrival_hexagon, layout_loops_ring, dk_noncrumbling_3
D:2:      layout_rooms, serial_shops, nicolae_shop_pleasant_corner_grove,
          minmay_diced_spiral
D:3:      kennysheep_slugbush, layout_loops_ring, kennysheep_generic_room_2
D:4:      layout_loops_ring, nzn_wu_jian_council_hall, uniq_robin
D:5:      layout_basic, tso_metal_star, eat_drink_and_be_merry_uskayaw,
          serial_shops, nicolae_shop_hallway_plus, uniq_grinder
D:6:      layout_gridville, lemuel_tele_altar, nicolae_nh_ransacked_shop
D:7:      layout_loops_corners, mainiacjoe_overflow_big_doors,
          lemuel_temple_firewalk_b
D:8:      minmay_curly_fans, layout_rooms, gammafunk_ghost_smash,
          chequers_arboretum, uniq_psyche, uniq_gastronok, uniq_prince_ribbit1

Skill      XL: |  1  2  3  4  5  6  7  8  9 |
---------------+----------------------------+-----
Spellcasting   | 5 6 7 8 10 11 | 11.8
Fighting       | 1 2 |  2.0
Armour         | 1 2 |  2.4
Conjurations   | 2 3 4 5 6 |  6.6
Dodging        | 3 |  3.0
Stealth        | 3 |  3.0
Poison Magic   | 1 |  1.0
Evocations     | 1 |  1.0
Air Magic      | 1 |  1.2
Summonings     | 2 3 4 5 |  5.8
Shields        | 2 3 |  3.0
Ice Magic      | 1 |  1.0
Translocations | |  1.1

Action                     |  1- 3 |  4- 6 |  7- 9 || total
---------------------------+-------+-------+-------++-------
  Melee: Dagger            |    34 |    29 |    33 ||    96
         Punch             |     1 |       |     1 ||     2
         Flail             |       |       |    20 ||    20
         Battleaxe         |       |       |    42 ||    42
   Cast: Magic Dart        |   101 |   183 |   175 ||   459
         Mephitic Cloud    |     1 |     8 |    31 ||    40
         Call Imp          |     1 |     5 |    11 ||    17
         Blink             |       |     3 |     2 ||     5
  Evoke: Wand              |       |       |     5 ||     5
   Stab: Confused          |     1 |     9 |     9 ||    19
         Distracted        |       |       |     1 ||     1
 Armour: Robe              |     6 |    12 |     8 ||    26
         Leather armour    |       |       |    27 ||    27
  Dodge: Dodged            |    34 |    30 |    80 ||   144

Table legend: (Time is in decaauts)
 A = Elapsed time spent in this place.
 B = Non-inter-level travel time spent in this place.
 C = Inter-level travel time spent in this place.
 D = Time resting spent in this place.
 E = Time spent auto-exploring this place.
 F = Levels seen in this place.
 G = Mean time per level.
                   A        B        C        D        E       F      G
               +--------+--------+--------+--------+--------+-----+--------+
         Total |   9680 |   9256 |    424 |    521 |   7242 |   8 | 1210.0 |
       Dungeon |   9680 |   9256 |    424 |    521 |   7242 |   8 | 1210.0 |
               +--------+--------+--------+--------+--------+-----+--------+

Top non-repeatable levels by time:
     D:4: 1666 daAuts
     D:7: 1602 daAuts
     D:3: 1384 daAuts
     D:6: 1232 daAuts
     D:5: 1131 daAuts
     D:2: 1127 daAuts
     D:1: 1105 daAuts
     D:8: 430 daAuts
